 Dungeon Crawl Stone Soup version 0.25.1-2-g60ff931df9 (webtiles) character file.

Game seed: 1414236522174439983

8808 gruber the Geomancer (level 11, -16/71 HPs)
             Began as a Gargoyle Earth Elementalist on Aug 18, 2020.
             Was an Elder of Vehumet.
             Demolished by Sonja
             ... wielding a +1 short sword of distortion
              (19 damage)
             ... on level 11 of the Dungeon.
             The game lasted 00:14:50 (11096 turns).

gruber the Geomancer (Gargoyle Earth Elementalist) Turns: 11096, Time: 00:14:51

Health: -16/71     AC: 15    Str: 13    XL:     11   Next: 36%
Magic:  18/18      EV: 16    Int: 18    God:    Vehumet [****..]
Gold:   581        SH:  8    Dex: 13    Spells: 6/20 levels left

rFire    . . .     SeeInvis .   C - +1 dagger (venom)
rCold    . . .     Gourm    .   z - +2 buckler
rNeg     + . .     Faith    .   F - +0 troll leather armour
rPois    ∞         Spirit   .   h - +1 hat
rElec    +         Reflect  .   (no cloak)
rCorr    .         Harm     .   e - +0 pair of gloves {Dex+3}
MR       .....                  (no boots)
Stlth    +.........             (no amulet)
HPRegen  0.61/turn              v - ring of attention (curse)
MPRegen  0.16/turn              y - +4 ring of evasion

@: no status effects
A: negative energy resistance 1, electricity resistance, unbreathing,
petrification resistance, rot immunity, AC +8
a: Renounce Religion


You were on level 11 of the Dungeon.
You worshipped Vehumet.
Vehumet was greatly pleased with you.
You were not hungry.

You visited 2 branches of the dungeon, and saw 12 of its levels.

You collected 581 gold pieces.

Inventory:

Hand Weapons
 j - a +1 short sword of holy wrath
 A - a +1 short sword of venom
 C - a +1 dagger of venom (weapon)
 D - the +8 hunting sling "Giantslayer" {vorpal, Dex+7}
   (You found it on level 8 of the Dungeon)

   Any stone fired from it inflicts extra damage.
   It affects your dexterity (+7).
Missiles
 b - 58 stones (quivered)
 f - 29 poisoned darts
 E - 76 sling bullets
Armour
 c - a +0 robe
 e - a +0 pair of gloves of dexterity (worn)
 h - a +1 hat (worn)
 z - a +2 buckler (worn)
 F - a +0 troll leather armour (worn)
Jewellery
 v - a cursed ring of attention (left hand)
 y - a +4 ring of evasion (right hand)
 G - an uncursed amulet of regeneration {unknown}
Wands
 p - a wand of polymorph (8)
 q - a wand of flame (37)
 t - a wand of digging (7)
 I - a wand of iceblast (6)
 J - a wand of acid (14)
 N - a wand of random effects (13)
Scrolls
 a - 7 scrolls of remove curse {unknown}
 g - a scroll of enchant weapon {unknown}
 i - 2 scrolls of fear {unknown}
 l - 11 scrolls of teleportation {unknown}
 m - 8 scrolls of enchant armour {unknown}
 n - 15 scrolls of identify
 r - a scroll of immolation {unknown}
 w - a scroll of acquirement {unknown}
 x - a scroll of silence {unknown}
 H - a scroll of blinking {unknown}
 L - a scroll of fog {unknown}
 M - a scroll of amnesia {unknown}
Potions
 k - a potion of flight {unknown}
 o - 2 potions of degeneration {unknown}
 s - a potion of stabbing {unknown}
 u - 5 potions of curing {unknown}
 K - a potion of berserk rage {unknown}
Comestibles
 d - 24 rations
 B - 6 chunks of flesh


   Skills:
 - Level 9.0 Fighting
 - Level 3.8 Slings
 - Level 7.0 Armour
 - Level 1.5 Dodging
 - Level 2.1 Stealth
 - Level 7.1 Shields
 - Level 5.0 Spellcasting
 * Level 4.9 Necromancy
   Level 0.7 Transmutations
 - Level 10.4 Earth Magic


You had 6 spell levels left.
You knew the following spells:

 Your Spells              Type           Power        Failure   Level  Hunger
a - Sandblast             Erth           #####.       1%          1    None
b - Stone Arrow           Conj/Erth      ###...       1%          3    ##.....
c - Lee's Rapid Deconstr  Erth           #####.....   1%          5    ######.
d - Borgnjor's Vile Clut  Necr/Erth      ####......   19%         5    ######.

Your spell library contained the following spells:

 Spells                   Type           Power        Failure   Level  Hunger
 Ignite Poison            Fire/Tmut/Pois #.......     12%         3    ##.....
 Animate Skeleton         Necr           N/A          2%          1    None
 Pain                     Necr           ###.         2%          1    None
 Passwall                 Tmut/Erth      ###.....     2%          2    #......
 Vampiric Draining        Necr           ###.......   6%          3    ##.....
 Beastly Appendage        Tmut           #.....       12%         1    None
 Petrify                  Tmut/Erth      ###.....     16%         4    ####...
 Sticks to Snakes         Tmut           #.......     19%         2    #......
 Animate Dead             Necr           N/A          22%         4    ####...
 Ensorcelled Hibernation  Hex/Ice        #.....       24%         2    #......
 Spider Form              Tmut/Pois      #.........   38%         3    ##.....
 Confusing Touch          Hex            #.......     43%         3    ##.....
 Gell's Gravitas          Tloc           #.........   43%         3    ##.....
 Agony                    Necr           ###.....     52%         5    ######.
 Yara's Violent Unravell  Hex/Tmut       #.........   65%         5    ######.
 Ice Form                 Ice/Tmut       #.......     80%         4    ####...
 Blade Hands              Tmut           #.........   98%         5    ######.
 Metabolic Englaciation   Hex/Ice        #.........   99%         5    ######.
 Silence                  Hex/Air        #.........   99%         5    ######.
 Darkness                 Hex            #.........   100%        6    #######
 Shadow Creatures         Summ           N/A          100%        6    #######


Dungeon Overview and Level Annotations

Branches:
Dungeon (11/15)            Temple (1/1) D:5            Lair (0/6) D:10
    Orc (0/2) D:10

Altars:
Ashenzari
Cheibriados
Dithmenos
Elyvilon
Fedhas
Gozag
Hepliaklqana
Kikubaaqudgha
Makhleb
Nemelex Xobeh
Okawaru
Qazlal
Ru
Sif Muna
Trog
Uskayaw
Vehumet
Wu Jian
Xom
Yredelemnul
Zin
The Shining One

Shops:
D:7 :

Portals:
Trove: D:10 (lose all piety)

Annotations:
D:7 2 transporters
D:9 1 runed translucent door
D:11 Sonja


Innate Abilities, Weirdness & Mutations

You are resistant to torment.
Your stone body is resilient. (AC +8)
You are immune to poison.
You resist negative energy. (rN+)
You are resistant to electric shocks. (rElec)
You can survive without breathing.
You are immune to petrification.
You are immune to rotting.


Message History

Space warps horribly around you!!
You closely miss Sonja.
Sonja is lightly wounded.
You block Sonja's attack. Sonja barely misses you.
Sonja hits you but does no damage. Space warps horribly around you!!
You block Sonja's attack. Sonja hits you but does no damage.
Space warps horribly around you!
* * * LOW HITPOINT WARNING * * *
Sonja misses you.
Unknown command.
You block Sonja's attack. Sonja hits you but does no damage.
Space bends around you.
* * * LOW HITPOINT WARNING * * *
Sonja completely misses you.
You see here a curare-tipped dart.
Sonja looks more healthy.
You block Sonja's attack. Sonja hits you but does no damage.
Space warps horribly around you!
* * * LOW HITPOINT WARNING * * *
Sonja hits you but does no damage. Space warps horribly around you!!
You die...

........).#...#...#.#.##
.........##......#..###
...................##
#.............##....
#.............##....
......................
#.................##.##
#.....................#
....##.#..@...........#
.....#.##.K..........###
.................).....#
..........(..#....>....#
.............#.........#
..............##.......#
.............##.........
.............##.........
........................


You could see Sonja.

Vanquished Creatures
  2 two-headed ogres
  An elephant (D:10)
  A troll (D:8)
  2 hippogriffs
  A human (D:8)
  A basilisk (D:10)
  7 yaks
  A steam dragon (D:10)
  4 hogs (D:8)
  A warg (D:10)
  A water moccasin (D:6)
  5 orc warriors
  2 black bears (D:9)
  3 sky beasts
  2 ice beasts
  A phantom (D:7)
  3 ogres
  An eye of draining (D:10)
  A centaur (D:8)
  2 crocodiles (D:10)
  A big kobold (D:9)
  5 bullfrogs
  A water moccasin zombie (D:11)
  2 scorpions
  2 howler monkeys
  4 bullfrog zombies
  5 crimson imps
  A centaur zombie (D:9)
  4 hounds
  A jelly (D:8)
  14 orc wizards
  A quasit (D:10)
  2 bullfrog skeletons
  8 orc priests
  11 worker ants
  2 iguanas
  A hound skeleton (D:10)
  2 worker ant zombies
  9 gnolls
  16 adders
  A howler monkey skeleton (D:5)
  3 shadow imps
  An adder skeleton (D:9)
  2 worms
  2 dart slugs
  3 leopard geckos
  49 orcs
  3 ball pythons
  7 giant cockroaches
  9 goblins
  6 hobgoblins
  7 jackals
  12 kobolds
  3 quokkas
  5 bats
  3 frilled lizards
  2 jackal skeletons
  A leopard gecko skeleton (D:6)
  A quokka skeleton (D:8)
  8 rats
262 creatures vanquished.

Notes
Turn   | Place    | Note
-------+----------+-------------------------------------------
     0 | D:1      | gruber the Gargoyle Earth Elementalist began the quest for
                  | the Orb.
     0 | D:1      | Reached XP level 1. HP: 10/10 MP: 3/3
   149 | D:1      | Reached skill level 4 in Earth Magic
   342 | D:1      | Reached XP level 2. HP: 15/15 MP: 5/5
   853 | D:2      | Reached XP level 3. HP: 19/19 MP: 6/6
   872 | D:2      | Reached skill level 5 in Earth Magic
  1071 | D:2      | You fall into a shaft and drop 1 floor!
  1406 | D:2      | Reached XP level 4. HP: 3/24 MP: 3/7
  1673 | D:3      | Reached skill level 6 in Earth Magic
  1956 | D:3      | Reached XP level 5. HP: 28/28 MP: 8/8
  2327 | D:3      | Reached skill level 7 in Earth Magic
  2999 | D:4      | Reached XP level 6. HP: 32/32 MP: 2/9
  3001 | D:4      | Reached skill level 8 in Earth Magic
  3552 | D:4      | Reached XP level 7. HP: 36/36 MP: 3/12
  3939 | D:5      | Entered Level 5 of the Dungeon
  4091 | D:5      | Found a staircase to the Ecumenical Temple.
  4115 | Temple   | Entered the Ecumenical Temple
  4212 | Temple   | Became a worshipper of Vehumet
  4451 | D:5      | Reached skill level 5 in Spellcasting
  4484 | D:5      | Learned a level 3 spell: Stone Arrow
  4490 | D:5      | Learned a level 5 spell: Lee's Rapid Deconstruction
  4496 | D:5      | Learned a level 5 spell: Borgnjor's Vile Clutch
  5139 | D:6      | Reached skill level 9 in Earth Magic
  5323 | D:6      | Reached XP level 8. HP: 32/41 MP: 7/15
  5407 | D:6      | Reached * piety under Vehumet
  5407 | D:6      | Offered knowledge of Foxfire by Vehumet.
  5440 | D:6      | Found a hazy altar of Hepliaklqana.
  5572 | D:6      | Reached skill level 10 in Earth Magic
  6160 | D:6      | Reached skill level 1 in Shields
  6554 | D:7      | Found Zudes's Book Emporium.
  6661 | D:7      | Found a transporter.
  6685 | D:7      | Found a transporter.
  6692 | D:7      | Noticed a hippogriff
  6694 | D:7      | Reached skill level 5 in Shields
  6701 | D:7      | Killed a hippogriff
  6701 | D:7      | Reached XP level 9. HP: 12/45 MP: 7/16
  7373 | D:8      | Reached skill level 1 in Fighting
  7375 | D:8      | Got a faintly glowing hunting sling
  7376 | D:8      | Identified the +8 hunting sling "Giantslayer" {vorpal,
                  | Dex+7} (You found it on level 8 of the Dungeon)
  7399 | D:8      | Reached skill level 1 in Slings
  7770 | D:8      | Reached ** piety under Vehumet
  7801 | D:8      | Noticed a troll
  7804 | D:8      | Killed a troll
  7806 | D:8      | Offered knowledge of Searing Ray by Vehumet.
  7883 | D:8      | Reached skill level 1 in Armour
  7939 | D:8      | Reached skill level 5 in Armour
  7952 | D:8      | Reached XP level 10. HP: 47/52 MP: 17/17
  8232 | D:8      | Found an ornate altar of the Wu Jian Council.
  8701 | D:9      | Offered knowledge of Inner Flame by Vehumet.
  8701 | D:9      | Reached skill level 5 in Fighting
  8919 | D:9      | Reached *** piety under Vehumet
  9124 | D:9      | You fall into a shaft and drop 1 floor!
  9124 | D:10     | Entered Level 10 of the Dungeon
  9125 | D:10     | Found a staircase to the Orcish Mines.
  9144 | D:10     | Noticed a two-headed ogre
  9166 | D:10     | Offered knowledge of Iskenderun's Mystic Blast by Vehumet.
  9373 | D:9      | Found a runed translucent door.
  9421 | D:9      | Found a basalt altar of Yredelemnul.
  9484 | D:9      | Noticed a two-headed ogre
  9501 | D:9      | Killed a two-headed ogre
  9501 | D:9      | Reached XP level 11. HP: 45/71 MP: 15/18
  9665 | D:9      | Reached skill level 1 in Necromancy
 10020 | D:10     | Found a portal to a secret trove of treasure.
 10094 | D:10     | Reached **** piety under Vehumet
 10370 | D:10     | Killed a two-headed ogre
 10375 | D:10     | Offered knowledge of Ignite Poison by Vehumet.
 10506 | D:10     | Found a staircase to the Lair.
 11078 | D:11     | Noticed Sonja
 11096 | D:11     | HP: 3/71 [Sonja/+1 short sword of distortion (11)]
 11096 | D:11     | Demolished by Sonja

Illustrated notes

Levels and vault maps discovered:
D:1:      evilmike_arrival_hilbert_curve, layout_basic
D:2:      layout_loops_ring
D:3:      layout_rooms, first_ration
D:4:      layout_rooms
D:5:      layout_cave_pods, minmay_temple_entry_offerings, serial_column_ruins,
          column_ruins_square_large, column_ruins_square_huge,
          column_ruins_grid_1, column_ruins_grid_1, column_ruins_open_tiny,
          column_ruins_open_medium, column_ruins_grid_1
D:6:      layout_basic, serial_rivers, chequers_serial_rivers_large_a,
          chequers_serial_rivers_micro_d, chequers_serial_rivers_micro_d,
          chequers_serial_rivers_large_b, basic_altar
D:7:      gammafunk_cloud_chamber, layout_cave_pools, serial_shops, shop
D:8:      layout_loops_cross, nicolae_overflow_crystal_walls, grunt_livestock
D:9:      layout_rooms, dk_yredelemnul_ordeal
D:10:     layout_long_grid, david_lair_generic, david_orc_3,
          nicolae_trove_entry_free_sample
D:11:     layout_cave_pools, serial_shops, shop_coins, minmay_protected_statue,
          uniq_sonja
Temple:   kilobyte_greek_temple

Skill      XL: |  1  2  3  4  5  6  7  8  9 10 11 |
---------------+----------------------------------+-----
Earth Magic    | 4 5 6 7 8 9 10 | 10.4
Spellcasting   | 3 5 |  5.0
Shields        | 6 7 |  7.1
Fighting       | 1 9 |  9.0
Slings         | 3 |  3.8
Armour         | 5 7 |  7.0
Necromancy     | 4 |  4.9
Dodging        | |  1.5
Stealth        | |  2.1
Transmutations | |  0.7

Action                   |  1- 3 |  4- 6 |  7- 9 | 10-12 || total
-------------------------+-------+-------+-------+-------++-------
Melee: Unarmed           |    13 |       |       |       ||    13
       Mace              |    57 |       |       |       ||    57
       Short sword       |    19 |   157 |    72 |    24 ||   272
       Dagger            |       |       |   111 |   686 ||   797
 Fire: Hunting sling     |       |       |    14 |       ||    14
 Cast: Sandblast         |     9 |    36 |    99 |    26 ||   170
       Stone Arrow       |       |       |       |     2 ||     2
Evoke: Wand              |       |       |       |     1 ||     1
  Use: Scroll            |       |       |     1 |       ||     1
 Stab: Sleeping          |     7 |     2 |       |       ||     9
  Eat: Chunk             |     2 |     7 |    14 |    12 ||    35
Armor: Robe              |    30 |    86 |    30 |       ||   146
       Troll leather arm |       |       |    16 |   268 ||   284
Dodge: Dodged            |    59 |   131 |   120 |   527 ||   837
Block: Buckler           |       |       |    59 |   319 ||   378
